 Dungeon Crawl Stone Soup version 0.25.1-2-g60ff931df9 (webtiles) character file.

Game seed: 10385580401341426738

62 selver the Cudgeler (level 3, -1/29 HPs)
             Began as a Demonspawn Abyssal Knight on Oct 19, 2020.
             Was a Believer of Lugonu.
             Slain by a goblin
             ... wielding a +0 dagger
             ... led by Robin
              (4 damage)
             ... on level 1 of the Dungeon.
             The game lasted 00:02:56 (1448 turns).

selver the Cudgeler (Demonspawn Abyssal Knight)     Turns: 1448, Time: 00:02:57

Health: -1/29      AC:  3    Str: 13    XL:     3   Next: 85%
Magic:  4/4        EV: 11    Int: 13    God:    Lugonu [**....]
Gold:   42         SH:  0    Dex: 12    Spells: 2/2 levels left

rFire    . . .     SeeInvis .   a - +1 mace
rCold    . . .     Gourm    .   (no shield)
rNeg     . . .     Faith    .   b - +0 leather armour
rPois    .         Spirit   .   (no helmet)
rElec    .         Reflect  .   (no cloak)
rCorr    .         Harm     .   (no gloves)
MR       .....                  (no boots)
Stlth    +.........             (no amulet)
HPRegen  0.09/turn              (no ring)
MPRegen  0.09/turn              (no ring)

@: no status effects
A: talons 1
a: Depart the Abyss, Bend Space, Renounce Religion


You were on level 1 of the Dungeon.
You worshipped Lugonu.
Lugonu was pleased with you.
You were not hungry.

You visited 1 branch of the dungeon, and saw 2 of its levels.
You visited the Abyss 1 time.

You collected 42 gold pieces.

Inventory:

Hand Weapons
 a - a +1 mace (weapon)
Armour
 b - a +0 leather armour (worn)
Scrolls
 e - a scroll of fear {unknown}
 f - a scroll of magic mapping {unknown}
Comestibles
 c - a ration
 d - 2 chunks of flesh


   Skills:
 - Level 3.0 Fighting
 + Level 3.8 Maces & Flails
 - Level 1.7 Armour
 - Level 0.8 Dodging
 - Level 2.4 Invocations


You had 2 spell levels left.
You didn't know any spells.
Your spell library was empty.

Dungeon Overview and Level Annotations

Branches:
Dungeon (2/15)

Altars:

Annotations:
D:2 Robin


Innate Abilities, Weirdness & Mutations

You have sharp toenails.


Message History

You barely miss the hobgoblin.
The hobgoblin hits you with a cursed +0 club.
* * * LOW HITPOINT WARNING * * *
The goblin barely misses you.
You closely miss the hobgoblin.
You claw the hobgoblin, but do no damage.
The goblin hits you with a +0 dagger.
* * * LOW HITPOINT WARNING * * *
The hobgoblin hits you with a cursed +0 club.
* * * LOW HITPOINT WARNING * * *
The hobgoblin misses you. The goblin barely misses you.
The hobgoblin no longer looks unusually strong.
The goblin no longer looks unusually strong.
You aren't carrying any potions.
You hit the hobgoblin.
You kill the hobgoblin!
Lugonu accepts your kill. The goblin hits you with a +0 dagger.
You die...

#.# #≈...≈#.....
#.# #≈...≈#.....
#.# #≈...≈##.#.#
#.# #≈...≈##.#.#
#.# #≈.<.≈##.#.#
#.# ##...###.#(#
#.# ##.## #.#(.
#g# ### #.### #@#
#.# #.# ###.###
#.####### #......
#.......# #....##
######'#####....##
#....##........
#....##.#....##
#....##.#....#
#....##.######


You could see a goblin.

Vanquished Creatures
  An ooze (D:2)
  2 dart slugs (D:1)
  A leopard gecko (D:1)
  7 bats
  3 giant cockroaches
  7 goblins
  6 hobgoblins (D:1)
  7 jackals (D:1)
  2 frilled lizards (D:1)
  4 kobolds
  7 rats (D:1)
47 creatures vanquished.

Notes
Turn   | Place    | Note
-------+----------+-------------------------------------------
     0 | Abyss:1  | selver the Demonspawn Abyssal Knight began the quest for
                  | the Orb.
     0 | Abyss:1  | Reached XP level 1. HP: 18/18 MP: 2/2
     0 | D:1      | Escaped the Abyss
   157 | D:1      | Gained mutation: You have sharp toenails. [demonic
                  | ancestry]
   157 | D:1      | Reached XP level 2. HP: 24/24 MP: 3/3
   185 | D:1      | Reached * piety under Lugonu
   767 | D:1      | Reached XP level 3. HP: 29/29 MP: 4/4
  1326 | D:2      | Reached ** piety under Lugonu
  1421 | D:2      | Noticed Robin
  1428 | D:1      | HP: 1/29 [hobgoblin/cursed +0 club[Robin] (2)]
  1448 | D:1      | Slain by a goblin

Illustrated notes

Levels and vault maps discovered:
D:1:      wander_arrival_chamber, layout_basic, minmay_tromino_v4_b
D:2:      layout_rooms, nicolae_gozag_cash_rules_everything_around_me,
          kennysheep_nondescript, chequers_arboretum, cheibriados_altar_1,
          uniq_jessica, uniq_robin

Skill      XL: |  1  2 |
---------------+-------+-----
Maces & Flails | 2 3 |  3.8
Fighting       | |  3.0
Armour         | |  1.7
Dodging        | |  0.8
Invocations    | |  2.4

Action                   || total
-------------------------++-------
Melee: Mace              ||   120
       Kick              ||    15
Invok: Depart the Abyss  ||     1
  Eat: Chunk             ||     2
Armor: Leather armour    ||    35
Dodge: Dodged            ||    90
